 Dungeon Crawl Stone Soup version 0.19.5 (webtiles) character file.

71 JeffiDaFish the Shield-Bearer (level 4, -6/29 HPs)
             Began as a Gargoyle Fighter on Nov 28, 2017.
             Killed from afar by Natasha (7 damage)
             ... with a magic dart
             ... on level 2 of the Dungeon.
             The game lasted 00:01:55 (1088 turns).

JeffiDaFish the Shield-Bearer (Gargoyle Fighter)    Turns: 1088, Time: 00:01:56

Health: -6/29      AC: 11    Str: 18 (20) XL:     4   Next: 24%
Magic:  4/4        EV:  7    Int:  5 (8)  God:
Gold:   111        SH:  9    Dex:  8 (10) Spells: 0 memorised, 3 levels left

rFire  . . .     SeeInvis .     a - +1 flail
rCold  . . .     Gourm    .     b - +0 scale mail
rNeg   + . .     Faith    .     c - +0 shield
rPois  ∞         Spirit   .     i - +0 helmet
rElec  +         Reflect  .     (no cloak)
rCorr  .         Harm     .     (no gloves)
MR     .....                    (no boots)
Stlth  ..........               (no amulet)
                                (no ring)
                                (no ring)

@: slowed, very slow
A: negative energy resistance 1, electricity resistance, unbreathing,
petrification resistance, rot immunity, AC +3
a: no special abilities


You were on level 2 of the Dungeon.
You were not hungry.

You visited 1 branch of the dungeon, and saw 2 of its levels.

You collected 111 gold pieces.

Inventory:

Hand Weapons
 a - a +1 flail (weapon)
Armour
 b - a +0 scale mail (worn)
 c - a +0 shield (worn)
 i - a +0 helmet (worn)
Potions
 d - a potion of might
Comestibles
 f - 2 bread rations
 g - 8 chunks of flesh
 h - a beef jerky
 j - a meat ration


   Skills:
 + Level 3.7 Fighting
 + Level 2.8 Maces & Flails
 + Level 3.8 Armour
 + Level 0.2 Dodging
 + Level 0.2 Stealth
 + Level 3.9 Shields


You had 3 spell levels left.
You didn't know any spells.

Dungeon Overview and Level Annotations

Branches:
Dungeon (2/15)

Altars:
Ru

Annotations:
D:2 Natasha


Innate Abilities, Weirdness & Mutations

You are resistant to torment.
Your stone body is resilient. (AC +3)
You are immune to poison.
You resist negative energy. (rN+)
You are resistant to electric shocks. (rElec)
You can survive without breathing.
You are immune to petrification.
You are immune to rotting.


Message History

The shadow imp hits you but does no damage.
You block Natasha's attack.
The shadow imp hits you but does no damage.
You block Natasha's attack.
You miss Natasha.
Natasha is severely wounded.
The shadow imp gestures at you. Pain shoots through your body!
* * * LOW HITPOINT WARNING * * *
Natasha mumbles some strange words.
The shadow imp hits you but does no damage.
Natasha stares at you and mumbles some strange words.
You feel as though you will be slow longer.
You barely miss Natasha.
Natasha is severely wounded.
Natasha is no longer unusually resistant.
The shadow imp hits you but does no damage.
Natasha casts a spell at you. The magic dart hits you!
You die...

.........####### ...............#
....... ...............#
#.........# ...............#
#...........
#..............###...........
......................?......
.................#...........
...............5.............
.............)..@...(........
...............5h#...........
.................##..........
........#######[.##..........
.......#..≈≈≈..#.##.###.......#.#
......#..≈...≈..#.#.# .....#.#.#
...#.#...≈._.≈...#..# ....#....
......#..≈...≈..#..## ........#
.......#..≈≈≈..#.#.. ...# #..


You could see Natasha, a crimson imp and a shadow imp.

Vanquished Creatures
  Natasha (D:2)
  An adder (D:2)
  A worm (D:2)
  2 dart slugs
  3 bats (D:1)
  6 goblins
  A hobgoblin (D:1)
  7 kobolds (D:1)
  A quokka (D:2)
  2 ball pythons (D:1)
  4 frilled lizards
  3 rats (D:1)
32 creatures vanquished.

Notes
Turn   | Place    | Note
-------+----------+-------------------------------------------
     0 | D:1      | JeffiDaFish the Gargoyle Fighter began the quest for the Orb.
     0 | D:1      | Reached XP level 1. HP: 14/14 MP: 1/1
   180 | D:1      | Reached XP level 2. HP: 19/19 MP: 2/2
   732 | D:1      | Reached XP level 3. HP: 23/23 MP: 3/3
   941 | D:2      | Found a sacrificial altar of Ru.
   957 | D:2      | Noticed Natasha
   964 | D:2      | Killed Natasha
   965 | D:2      | Reached XP level 4. HP: 27/29 MP: 4/4
  1068 | D:2      | Noticed Natasha
  1087 | D:2      | HP: 1/29 [shadow imp/nerve-wracking pain[Natasha] (2)]
  1088 | D:2      | Killed from afar by Natasha

Action                   |  1- 3 |  4- 6 || total
-------------------------+-------+-------++-------
Melee: Flail             |    66 |    40 ||   106
  Use: Potion            |     2 |     1 ||     3
       Scroll            |     4 |       ||     4
  Eat: Chunk             |       |     1 ||     1
Armor: Scale mail        |    38 |    37 ||    75
Dodge: Dodged            |    22 |    16 ||    38
Block: Shield            |    45 |    28 ||    73
